 Dungeon Crawl Stone Soup version 0.30.0 (webtiles) character file.

Game seed: 16721177760061805063

21 samcosmo the Grasshopper (level 2, -4/25 HPs)
             Began as an Armataur Warper on July 5, 2023.
             Slain by Terence
             ... wielding a +0 flail
              (7 damage)
             ... on level 1 of the Dungeon.
             The game lasted 00:03:04 (820 turns).

samcosmo the Grasshopper (Armataur Warper)           Turns: 820, Time: 00:03:05

Health: -4/25      AC:  9    Str: 16    XL:     2   Next: 65%
Magic:  5/5        EV:  5    Int: 13    God:
Gold:   78         SH:  0    Dex:  9    Spells: 5/5 levels left

rFire   . . .        a - +0 mace
rCold   . . .        (no shield)
rNeg    . . .        k - +0 chain mail
rPois   .            h - +0 helmet
rElec   .            n - +0 cloak
rCorr   .            (no gloves)
SInv    .            (no barding)
Will    .....        (no amulet) Stlth
                     (no ring)
HPRegen 0.24/turn    (no ring)
MPRegen 0.09/turn

%: roll
@: confused, ambrosia-drunk
A: large, rugged brown scales 3, deformed body, armoured tail, roll, long
tongue, awkward tongue
a: no special abilities


You were on level 1 of the Dungeon.
You visited 1 branch of the dungeon, and saw 2 of its levels.

You collected 78 gold pieces.

Inventory:

Hand Weapons
 a - a +0 mace (weapon)
Missiles
 d - 7 boomerangs of dispersal (quivered)
Armour
 b - a +0 leather armour
 h - a +0 helmet (worn)
 k - a +0 chain mail (worn)
 n - a +0 cloak (worn)
Scrolls
 e - a scroll of fog
 f - a scroll of amnesia {unknown}
 j - a scroll of identify {unknown}
 o - a scroll of teleportation {unknown}
Potions
 g - a potion of heal wounds {unknown}
 i - a potion of lignification {unknown}
 m - a potion of might {unknown}
 p - 2 potions of flight {unknown}


   Skills:
 + Level 2.0 Fighting
 + Level 2.0 Maces & Flails
 - Level 0.8 Throwing
 - Level 1.2 Armour
 - Level 1.3 Dodging
 + Level 2.0 Spellcasting
 * Level 3.4 Translocations


You had 5 spell levels left.
You didn't know any spells.
Your spell library contained the following spells:

 Spells                   Type           Power      Damage    Failure   Level
 Blink                    Tloc           20%        N/A       77%         2
 Lesser Beckoning         Tloc           20%        N/A       77%         2
 Teleport Other           Tloc           10%        N/A       94%         3
 Scorch                   Fire           2%         2d5       99%         2
 Vhi's Electric Charge    Tloc/Air       10%        N/A       99%         3
 Summon Guardian Golem    Hex/Summ       1%         N/A       100%        3
 Flame Wave               Conj/Fire      1%         2d4       100%        4
 Manifold Assault         Tloc           10%        N/A       100%        4
 Summon Cactus Giant      Summ           0%         N/A       100%        6
 Orb of Destruction       Conj           0%         9d5       100%        7
 Spellforged Servitor     Conj/Summ      0%         N/A       100%        7


Dungeon Overview and Level Annotations

Branches:
Dungeon (2/15)

Altars:
Elyvilon

Shops:
D:1 ?

Annotations:
D:1 Terence


Innate Abilities, Weirdness & Mutations

You are completely covered in rugged brown scales. (AC +3, +7% HP)
Armour fits poorly on your strangely shaped body.
You have a long armoured tail.
You roll when moving toward enemies. (Rampage)
Your long tongue fully drains potion bottles. (2x potion effects)
Your tongue gives you trouble enunciating. (1.5x scroll delay)


Message History

The giant cockroach bites you.
You bump into the rock wall.
You feel less invigorated.
You feel less confused. Terence hits you but does no damage.
The giant cockroach bites you but does no damage.
You closely miss Terence.
Terence is heavily wounded.
The giant cockroach bites you. Terence hits you but does no damage.
The giant cockroach barely misses you.
You hit Terence but do no damage.
You tail-slap Terence, but do no damage.
Terence is heavily wounded.
Terence barely misses you.
The giant cockroach completely misses you.
Terence hits you with a +0 flail.
You barely miss Terence.
Terence is heavily wounded.
The giant cockroach closely misses you. Terence says, "How do you enjoy it?"
Terence hits you with a +0 flail.
The giant cockroach bites you but does no damage.
You hit Terence but do no damage.
Terence is heavily wounded.
Terence hits you with a +0 flail!
The giant cockroach bites you but does no damage.
You hit Terence but do no damage.
Your tail-slap misses Terence.
Terence is heavily wounded.
The giant cockroach bites you but does no damage.
Terence hits you with a +0 flail.
* * * LOW HITPOINT WARNING * * *
The giant cockroach bites you but does no damage.
Terence hits you but does no damage.
You are confused.
You feel invigorated.
You slurp down every last drop of the potion of ambrosia!
The giant cockroach bites you but does no damage.
Terence hits you with a +0 flail!
* * * LOW HITPOINT WARNING * * *
Terence attacks as you move away! Terence hits you with a +0 flail!
You die...

#.# #.....#####.......###.##
#.####.....# #.#####....###
#..........# ##.# ##....##≈≈
##..###.....# #..###.....##≈#
#...# #.)...####.###..###..#~#
###...# #.....#.........#
##.#~~
##....##########.........#
#.###
#........................#
#.'..
###..###########@B.......#
###.# #.## #...#.@.......# #..
#.###### #...(.........# ###
#.....)# #...#######.###
#......# ##### #..# #......#
##.# #......######## #.# ##
#.........[.[.#######.########.
#......######.............##.∩.


You could see Terence and a giant cockroach.

Vanquished Creatures
  A dart slug (D:1)
  3 ball pythons (D:1)
  3 bats
  2 endoplasms (D:1)
  3 giant cockroaches (D:1)
  4 goblins (D:1)
  A hobgoblin (D:1)
17 creatures vanquished.

Notes
Turn   | Place    | Note
-------+----------+-------------------------------------------
     0 | D:1      | samcosmo the Armataur Warper began the quest for the Orb.
     0 | D:1      | Reached XP level 1. HP: 18/18 MP: 3/3
   202 | D:1      | Reached XP level 2. HP: 20/25 MP: 4/4
   281 | D:1      | Found Lugam's Magic Scroll Shoppe.
   689 | D:2      | Found a white marble altar of Elyvilon.
   689 | D:2      | Noticed Terence
   820 | D:1      | Slain by Terence

Illustrated notes

Levels and vault maps discovered:
D:1:      ncdulo_wetmaze, layout_rooms, serial_shops, shop, minmay_pentomino_t4
D:2:      layout_rooms, basic_altar, uniq_terence

Skill      XL: |  1  2 |
---------------+-------+-----
Fighting       | 2 |  2.0
Maces & Flails | 2 |  2.0
Spellcasting   | 2 |  2.0
Throwing       | |  0.8
Armour         | |  1.2
Dodging        | |  1.3
Translocations | |  3.4

Action                     || total
---------------------------++-------
  Melee: Mace              ||    55
         Tailslap          ||    10
    Use: Scroll            ||     2
         Potion            ||     2
 Armour: Leather armour    ||    11
         Chain mail        ||    38
  Dodge: Dodged            ||    27
